 Dungeon Crawl Stone Soup version 0.19.0-11-g3fc08b3 (webtiles) character file.

632 KarmaPolice the Bolt Thrower (level 7, 0/47 HPs)
             Began as a Halfling Hunter on Nov 9, 2016.
             Slain by a worker ant (5 damage)
             ... on level 4 of the Dungeon.
             The game lasted 00:18:29 (6177 turns).

KarmaPolice the Bolt Thrower (Halfling Hunter)      Turns: 6177, Time: 00:18:30

Health: 0/47       AC:  5    Str: 13    XL:     7   Next: 78%
Magic:  7/7        EV: 17    Int:  9    God:
Gold:   151        SH:  0    Dex: 17    Spells: 0 memorised, 6 levels left

rFire  . . .     SeeInvis .     y - +1 long sword (vamp)
rCold  . . .     Gourm    .     c - +0 leather armour
rNeg   . . .     Faith    .     (shield restricted)
rPois  .         Spirit   .     (no helmet)
rElec  .         Reflect  .     x - +0 cloak
rCorr  .         Harm     .     (no gloves)
MR     .....                    s - +0 pair of boots
Stlth  ++........               (no amulet)
                                (no ring)
                                (no ring)

@: lethally poisoned (0 -> -15)
A: mutation resistance 1
a: no special abilities


You were on level 4 of the Dungeon.
You were not hungry.

You visited 1 branch of the dungeon, and saw 4 of its levels.

You collected 151 gold pieces.

Inventory:

Hand Weapons
 a - a +1 hand crossbow
 b - a +0 short sword
 y - a +1 vampiric long sword (weapon)
Missiles
 d - 12 bolts
Armour
 c - a +0 leather armour (worn)
 s - a +0 pair of boots (worn)
 x - a +0 cloak (worn)
Jewellery
 j - an uncursed ring of poison resistance {unknown}
 q - an uncursed ring of protection from magic {unknown}
Wands
 w - a wand of flame (24/48)
Scrolls
 e - 2 scrolls of magic mapping {unknown}
 h - 4 scrolls of teleportation {unknown}
 k - a scroll of random uselessness {unknown}
 l - 3 scrolls of remove curse {unknown}
 m - a scroll of blinking {unknown}
 n - a scroll of amnesia {unknown}
 p - 3 scrolls of identify {unknown}
 A - a scroll of enchant weapon {unknown}
Potions
 g - 6 potions of curing
 i - a potion of mutation {unknown}
 o - a potion of flight {unknown}
 r - 2 potions of lignification {unknown}
 u - 2 potions of degeneration {unknown}
 v - a potion of ambrosia {unknown}
Comestibles
 f - 3 bread rations


   Skills:
 + Level 3.7 Fighting
 + Level 4.6 Short Blades
 + Level 6.2 Crossbows
 + Level 4.7 Dodging
 - Level 1.1 Stealth


You had 6 spell levels left.
You didn't know any spells.

Dungeon Overview and Level Annotations

Branches:
Dungeon (4/15)
 Temple: D:4-7

Altars:
Qazlal
Ru

Shops:
D:4 }

Annotations:
D:3 OvidiusNaso's ghost, amateur DEWz
D:4 Pikel


Innate Abilities, Weirdness & Mutations

You are small and have problems with some larger weapons.
You are somewhat resistant to further mutation.


Message History

You barely miss the worker ant.
The worker ant is heavily wounded.
You feel very sick. The worker ant bites you! The worker ant bites you.
* * * LOW HITPOINT WARNING * * *
You hit the worker ant.
You feel better.
The worker ant is severely wounded.
* * * LOW HITPOINT WARNING * * *
You feel sick. The worker ant misses you. The worker ant bites you.
* * * LOW HITPOINT WARNING * * *
You hit the worker ant but do no damage.
The worker ant is severely wounded.
* * * LOW HITPOINT WARNING * * *
You feel sick. The worker ant barely misses you.
A slave comes into view.
You closely miss the worker ant.
The worker ant is severely wounded.
* * * LOW HITPOINT WARNING * * *
You feel sick. The worker ant bites you.
You die...

#######..###.#.# #.......(####
#........K.p.#.########.......
##.######....#........#.......
#.# #......######.#.###### #.#
#....p#.....#.#.# #.#
###+#p#.###.#.#.###### #.#
###.#K#.#...[<#.#....# #.#
#...#a#.#.#.#.#.#.##.#
#.######.#.#@#'#...#.#.#.##.#
#.##.............###'#.#.##.#
#....###'##......+.......##.#
###..#....#......#....#####.#
#..#....#...........'......
#..#....#.#######...#######
#..#....#.# #...# #
#..#....#.# #...# #
##.######.# #...# #


You could see Pikel, 3 slaves and a worker ant.

Vanquished Creatures
  Grinder (D:3)
  A slave (D:4)
  Blork the orc (D:4)
  Crazy Yiuf (D:3)
  A hound (D:3)
  2 iguanas
  An orc wizard (D:3)
  A worker ant (D:4)
  7 adders
  An ooze (D:1)
  4 worms
  3 dart slugs
  8 leopard geckos
  12 orcs
  3 giant cockroaches
  4 goblins
  10 hobgoblins
  7 jackals
  7 kobolds
  A quokka (D:4)
  3 ball pythons (D:1)
  11 bats
  13 frilled lizards
  A quokka zombie (D:3)
  11 rats
115 creatures vanquished.

Notes
Turn   | Place    | Note
-------+----------+-------------------------------------------
     0 | D:1      | KarmaPolice the Halfling Hunter began the quest for the Orb.
     0 | D:1      | Reached XP level 1. HP: 14/14 MP: 1/1
   103 | D:1      | Reached skill level 1 in Short Blades
   103 | D:1      | Reached XP level 2. HP: 16/19 MP: 2/2
   253 | D:1      | Reached XP level 3. HP: 17/24 MP: 3/3
   984 | D:1      | Reached XP level 4. HP: 8/29 MP: 4/4
  1669 | D:1      | Reached skill level 5 in Crossbows
  2458 | D:2      | Reached XP level 5. HP: 14/35 MP: 5/5
  2952 | D:3      | Noticed Grinder
  3736 | D:3      | Killed Grinder
  3736 | D:3      | Reached XP level 6. HP: 13/42 MP: 6/6
  3822 | D:3      | Reached XP level 7. HP: 27/46 MP: 7/7
  4156 | D:3      | Noticed OvidiusNaso's ghost (amateur DEWz)
  4447 | D:3      | Found a runed door.
  4528 | D:3      | Found a faded altar of an unknown god.
  4852 | D:3      | Noticed Crazy Yiuf
  4925 | D:3      | Killed Crazy Yiuf
  4925 | D:3      | Reached skill level 6 in Crossbows
  5070 | D:4      | Found a sacrificial altar of Ru.
  5129 | D:4      | Found a stormy altar of Qazlal.
  5384 | D:4      | Found Kyanaso's Gadget Emporium.
  5467 | D:4      | Noticed Blork the orc
  5477 | D:4      | Killed Blork the orc
  6163 | D:4      | Noticed Pikel
  6177 | D:4      | Slain by a worker ant

Skill      XL: |  1  2  3  4  5  6  7 |
---------------+----------------------+-----
Short Blades   | 1 2 3 4 |  4.6
Fighting       | 2 3 |  3.7
Crossbows      | 5 6 |  6.2
Dodging        | 3 4 |  4.7
Stealth        | |  1.1

Action                   |  1- 3 |  4- 6 |  7- 9 || total
-------------------------+-------+-------+-------++-------
Melee: Short sword       |   108 |   285 |    72 ||   465
       Long sword        |       |       |    21 ||    21
 Fire: Hand crossbow     |       |    15 |    46 ||    61
 Stab: Sleeping          |     5 |     1 |     2 ||     8
  Eat: Chunk             |       |    10 |     6 ||    16
       Fruit             |       |       |     4 ||     4
       Royal jelly       |       |       |     1 ||     1
Armor: Leather armour    |    24 |    41 |    10 ||    75
Dodge: Dodged            |   100 |   240 |    67 ||   407
       Rpst.: Long sword |       |       |     3 ||     3
